 Dungeon Crawl Stone Soup version 0.18.1-6-gd335043 (webtiles) character file.

1395 namelastname112 the Caller (level 8, 68/68 HPs)
             Began as a Green Draconian Summoner on May 19, 2016.
             Quit the game in the Ecumenical Temple.
             The game lasted 00:08:37 (5200 turns).

namelastname112 the Caller (DrSu)                   Turns: 5200, Time: 00:08:37

Health: 68/68      AC:  9    Str: 10    XL:     8   Next: 41%
Magic:  14/14      EV: 16    Int: 17    God:
Gold:   184        SH:  6    Dex: 13    Spells: 4 memorised, 6 levels left

rFire  + . .     SeeInvis .     m - +4 short sword
rCold  . . .     Gourm    .     (armour unavailable)
rNeg   . . .     Faith    .     (no shield)
rPois  +         Spirit   .     (helmet restricted)
rElec  .         Dismiss  .     (no cloak)
rCorr  .         Reflect  +     t - +0 pair of gloves
SustAt .         Harm     .     v - +1 pair of boots
MR     .....                    e - +6 amulet of reflection
Stlth  ++........               s - +2 ring of evasion
                                G - ring of protection from fire

@: not resistant to hostile enchantments, unstealthy
A: breathe noxious fumes, unfitting armour, poison resistance, cold-blooded, AC
+6
a: Breathe Noxious Fumes


You were in the Ecumenical Temple.
You were hungry.

You visited 2 branches of the dungeon, and saw 7 of its levels.

You collected 301 gold pieces.
You spent 117 gold pieces at shops.

Inventory:

Hand Weapons
 m - a +4 short sword (weapon)
Armour
 t - a +0 pair of gloves (worn)
 v - a +1 pair of boots (worn)
Rods
 x - a -3 rod of clouds (13/13)
   (You found it on level 4 of the Dungeon)
Jewellery
 e - a +6 amulet of reflection (around neck)
 g - an uncursed ring of sustain attributes
 r - an uncursed ring of positive energy
 s - a +2 ring of evasion (right hand)
 G - a ring of protection from fire (left hand)
Wands
 w - a wand of random effects (28/48)
 E - a wand of flame (25/48)
 F - a wand of flame (25/48)
Scrolls
 c - 6 scrolls of remove curse {unknown}
 f - 2 scrolls of amnesia {unknown}
 j - 5 scrolls of identify {unknown}
 n - 2 scrolls of fog {unknown}
 y - 2 scrolls of teleportation {unknown}
Potions
 d - a potion of flight {unknown}
 h - a potion of haste {unknown}
 i - a potion of magic {unknown}
 l - a potion of berserk rage {unknown}
 o - 2 potions of curing {unknown}
 p - a potion of degeneration {unknown}
 q - 4 potions of brilliance {unknown}
 A - a potion of agility {unknown}
 D - a potion of heal wounds {unknown}
Books
 a - a book of Callings

   Spells                             Type                      Level
   a - Summon Small Mammal            Summoning                    1
   b - Call Imp                       Summoning                    2
   c - Call Canine Familiar           Summoning                    3
   d - Summon Guardian Golem          Hexes/Summoning              3
   e - Summon Lightning Spire         Summoning/Air                4
   f - Summon Ice Beast               Ice/Summoning                4
 C - a book of Conjurations

   Spells                             Type                      Level
   a - Magic Dart                     Conjuration                  1
   b - Searing Ray                    Conjuration                  2
   c - Dazzling Spray                 Conjuration/Hexes            3
   d - Fulminant Prism                Conjuration/Hexes            4
   e - Iskenderun's Mystic Blast      Conjuration                  4
   f - Iskenderun's Battlesphere      Conjuration/Charms           5
Comestibles
 b - 6 bread rations
 k - a fruit
 u - a royal jelly
 z - a slice of pizza
 B - a meat ration


   Skills:
 + Level 5.3 Fighting
 + Level 4.3 Dodging
 - Level 1.7 Stealth
 + Level 4.5 Spellcasting
 * Level 7.6 Summonings
 + Level 0.0 Air Magic


You had 6 spell levels left.
You knew the following spells:

 Your Spells              Type           Power        Failure   Level  Hunger
a - Call Imp              Summ           ####....     1%          2    ##.....
b - Summon Lightning Spi  Summ/Air       ###.....     38%         4    ####...
c - Call Canine Familiar  Summ           ####....     1%          3    ###....
z - Summon Small Mammal   Summ           ####         1%          1    None


Dungeon Overview and Level Annotations

Branches:
Dungeon (6/15)             Temple (1/1) D:6

Altars:
Cheibriados
Dithmenos
Elyvilon
Kikubaaqudgha
Makhleb
Nemelex Xobeh
Okawaru
Pakellas
Qazlal
Trog
Xom
Yredelemnul
Zin
The Shining One

Shops:
D:4 *?(


Innate Abilities, Weirdness & Mutations

You can breathe blasts of noxious fumes.
Your lurid green scales are hard (AC +6).
Your body does not fit into most forms of armour.
Your system is resistant to poisons.
You are cold-blooded and may be slowed by cold attacks.


Message History

There is a staircase to the Ecumenical Temple here.
You climb downwards.
Welcome to the Ecumenical Temple!
Your summoned ally is left behind.
Found three altars.
There is a staircase back to the Dungeon here.
Found a snail-covered altar of Cheibriados.
Found a white marble altar of Elyvilon and a glowing silver altar of Zin.
Found an ancient bone altar of Kikubaaqudgha.
Key pressed, stopping explore.
You are feeling hungry.
Found an oddly glowing altar of Pakellas.
Found a shimmering altar of Xom.
Found a stormy altar of Qazlal.
Found a bloodstained altar of Trog.
Found an iron altar of Okawaru.
Key pressed, stopping explore.
There is a staircase back to the Dungeon here.
Are you sure you want to abandon this character and quit the game? (Confirm with "yes".)
Okay, then.
Are you sure you want to abandon this character and quit the game? (Confirm with "yes".)

≈≈≈≈§§§§≈≈§≈≈≈§≈≈≈≈≈≈
§≈≈≈§§§≈≈≈§≈≈≈§§≈≈≈≈≈≈
§≈≈§≈§≈§≈≈§§≈≈≈§≈≈≈≈≈§≈
§§≈≈≈≈≈§§≈≈≈§§≈§§§§≈≈§≈≈§
§§≈≈§≈≈§§≈≈§≈§..≈≈≈≈≈§≈≈§§§§≈≈≈ ≈
≈§≈≈§≈§≈§§≈.......≈≈§§§§≈§≈≈≈≈§
§≈≈≈≈≈≈≈≈§§≈.........≈≈§≈≈≈≈≈§≈§≈
≈≈≈§≈§≈≈§≈≈...........≈≈≈≈§≈§§§§§
§≈≈§§≈§§§≈......@......≈§§§≈≈§§§§
≈≈§§≈§≈≈§...............≈§≈≈≈≈≈≈≈
≈≈§≈≈§§§.................§≈≈≈≈≈≈≈
§≈≈§§§§.§...._....._......§§§≈≈§≈
≈§≈§≈§§....................≈§≈≈§≈
≈≈§≈≈.......................≈§≈≈§
≈§≈§§§._................._...≈≈§§
§§§............._............§§§≈
§≈.............................≈≈


There were no monsters in sight!

Vanquished Creatures
  Grinder (D:5)
  Eustachio (D:5)
  The ghost of namelastname112 the Caller, an amateur DrSu (D:3)
  An orc warrior (D:6)
  2 phantoms
  A centaur zombie (D:5)
  A hound (D:6)
  A giant frog skeleton (D:4)
  2 iguanas
  2 orc wizards
  3 worker ants
  3 gnolls (D:6)
  6 adders
  An adder skeleton (D:5)
  3 worms
  A dart slug (D:1)
  2 giant geckos
  5 orcs
  9 bats
  4 giant cockroaches
  6 goblins
  5 hobgoblins
  9 jackals
  A quokka (D:5)
  4 giant newts
  A jackal skeleton (D:3)
  A kobold (D:3)
  6 rats
83 creatures vanquished.

Vanquished Creatures (collateral kills)
  Sigmund (D:2)
  An ogre (D:6)
  Blork the orc (D:6)
  A gnoll shaman (D:6)
  2 hounds (D:6)
  Terence (D:2)
  2 worker ants
  3 gnolls (D:6)
  A worm (D:3)
  A dart slug (D:2)
  3 orcs
  2 hobgoblins
  2 jackals (D:6)
  A bat (D:2)
  A rat (D:3)
23 creatures vanquished.

Vanquished Creatures (others)
  An orc (D:4)
1 creature vanquished.

Grand Total: 107 creatures vanquished

Notes
Turn   | Place    | Note
--------------------------------------------------------------
     0 | D:1      | namelastname112 the Draconian Summoner began the quest for the Orb.
     0 | D:1      | Reached XP level 1. HP: 14/14 MP: 3/3
   111 | D:1      | Found a glowing golden altar of the Shining One.
   415 | D:1      | Reached XP level 2. HP: 21/22 MP: 5/5
   497 | D:1      | Learned a level 2 spell: Call Imp
   772 | D:1      | Reached skill level 1 in Fighting
   840 | D:2      | Noticed Sigmund
   858 | D:2      | Killed Sigmund
   858 | D:2      | Reached XP level 3. HP: 29/29 MP: 2/7
   858 | D:2      | Reached XP level 4. HP: 36/36 MP: 2/8
  1244 | D:2      | Found a sparkling altar of Nemelex Xobeh.
  1325 | D:2      | Noticed Terence
  1357 | D:2      | Killed Terence
  1593 | D:2      | Learned a level 3 spell: Call Canine Familiar
  2006 | D:3      | Reached XP level 5. HP: 41/42 MP: 9/9
  2350 | D:3      | Reached skill level 5 in Summonings
  2471 | D:3      | Noticed namelastname112's ghost (amateur DrSu)
  2706 | D:3      | Killed namelastname112's ghost
  2706 | D:3      | Reached XP level 6. HP: 13/51 MP: 7/10
  3060 | D:3      | Found a bloodstained altar of Trog.
  3375 | D:4      | Found Jos Soso's Assorted Antiques.
  3382 | D:4      | Bought a pair of runed boots for 117 gold pieces
  3413 | D:4      | Found Qiysaov's Antique Weapon Shoppe.
  3493 | D:4      | Identified a -3 rod of clouds (13/13) (You found it on level 4 of the Dungeon)
  3608 | D:4      | Found Daretiph's Magic Scroll Emporium.
  3856 | D:4      | Reached skill level 6 in Summonings
  3856 | D:4      | Your scales start taking on a lurid green colour.
  3856 | D:4      | Reached XP level 7. HP: 46/58 MP: 7/12
  3856 | D:4      | Gained mutation: Your system is resistant to poisons. [Green Draconian growth]
  3947 | D:5      | Entered Level 5 of the Dungeon
  4044 | D:5      | Noticed Grinder
  4065 | D:5      | Killed Grinder
  4077 | D:5      | Found a shadowy altar of Dithmenos.
  4288 | D:5      | Noticed Eustachio
  4305 | D:5      | Killed Eustachio
  4544 | D:6      | Noticed Blork the orc
  4554 | D:6      | Killed Blork the orc
  4554 | D:6      | Reached skill level 7 in Summonings
  4554 | D:6      | Reached XP level 8. HP: 64/67 MP: 10/14
  4593 | D:6      | Reached skill level 5 in Fighting
  4926 | D:6      | Learned a level 4 spell: Summon Lightning Spire
  4985 | D:6      | Found a staircase to the Ecumenical Temple.
  5071 | Temple   | Entered the Ecumenical Temple
  5200 | Temple   | Quit the game

Skill      XL: |  1  2  3  4  5  6  7  8 |
---------------+-------------------------+-----
Dodging        | 2 3 4 |  4.3
Fighting       | 2 3 4 5 |  5.3
Summonings     | 5 6 7 |  7.6
Spellcasting   | 3 4 |  4.5
Stealth        | |  1.7

Action                   |  1- 3 |  4- 6 |  7- 9 || total
-------------------------+-------+-------+-------++-------
Melee: Unarmed           |    36 |    11 |       ||    47
       Spear             |    41 |    45 |       ||    86
       Tailslap          |     5 |    17 |    18 ||    40
       Short sword       |       |   174 |   145 ||   319
 Cast: Summon Small Mamm |     1 |       |       ||     1
       Call Imp          |     2 |    34 |    15 ||    51
 Abil: Breathe Noxious F |       |       |     1 ||     1
  Use: Potion            |       |     1 |       ||     1
 Stab: Sleeping          |     1 |     2 |     1 ||     4
       Distracted        |       |     5 |     1 ||     6
  Eat: Chunk             |       |    11 |     5 ||    16
Armor: Skin              |    40 |    95 |    34 ||   169
Dodge: Dodged            |    65 |   169 |   101 ||   335
Block: Other             |       |    18 |    30 ||    48
